 Dungeon Crawl Stone Soup version 0.25-b1-46-gb8a1ec05df (webtiles) character file.

Game seed: 12896294941672930571

44 Nixze the Slasher (level 3, -7/28 HPs)
             Began as a Demonspawn Gladiator on June 9, 2020.
             Mangled by Sigmund
             ... wielding a +0 scythe
              (8 damage)
             ... on level 2 of the Dungeon.
             The game lasted 00:02:31 (1577 turns).

Nixze the Slasher (Demonspawn Gladiator)            Turns: 1577, Time: 00:02:32

Health: -7/28      AC:  5    Str: 15    XL:     3   Next: 39%
Magic:  3/3        EV: 12    Int:  9    God:
Gold:   74         SH:  0    Dex: 14    Spells: 2/2 levels left

rFire    . . .     SeeInvis .   a - +0 long sword
rCold    . . .     Gourm    .   (no shield)
rNeg     . . .     Faith    .   i - +0 leather armour
rPois    .         Spirit   .   c - +0 helmet
rElec    .         Reflect  .   (no cloak)
rCorr    .         Harm     .   j - +0 pair of gloves
MR       .....                  (no boots)
Stlth    +.........             (no amulet)
HPRegen  0.09/turn              (no ring)
MPRegen  0.08/turn              (no ring)

@: no status effects
A: hooves 1
a: no special abilities


You were on level 2 of the Dungeon.
You were not hungry.

You visited 1 branch of the dungeon, and saw 2 of its levels.

You collected 74 gold pieces.

Inventory:

Hand Weapons
 a - a +0 long sword (weapon)
Missiles
 d - a throwing net (quivered)
 h - 50 stones
Armour
 c - a +0 helmet (worn)
 i - a +0 leather armour (worn)
 j - a +0 pair of gloves (worn)
Jewellery
 n - a +4 ring of evasion {unknown}
 o - a cursed -4 ring of evasion {unknown}
Scrolls
 b - 2 scrolls of identify {unknown}
 e - 3 scrolls of remove curse {unknown}
 g - a scroll of enchant weapon {unknown}
 k - a scroll of amnesia {unknown}
 m - a scroll of teleportation {unknown}
 p - a scroll of fog {unknown}
Comestibles
 f - 2 rations
 l - 5 chunks of flesh


   Skills:
 + Level 2.5 Fighting
 * Level 3.4 Long Blades
 - Level 1.7 Throwing
 + Level 1.1 Armour
 - Level 2.6 Dodging


You had 2 spell levels left.
You didn't know any spells.
Your spell library was empty.

Dungeon Overview and Level Annotations

Branches:
Dungeon (2/15)

Altars:
Elyvilon

Annotations:
D:2 Sigmund


Innate Abilities, Weirdness & Mutations

You have large cloven feet.


Message History

Sigmund hits you with a +0 scythe.
You hit Sigmund.
Sigmund is severely wounded.
Sigmund barely misses you.
You hit Sigmund.
Sigmund is severely wounded.
Sigmund mumbles some strange words.
Sigmund flickers and vanishes!
Deactivating autopickup; reactivate with Ctrl-A.
You hit something. Your kick misses something. Something completely misses you.
You miss something. You kick something. Something hits you but does no damage.
You hit something but do no damage. You closely miss something.
Something hits you.
You miss something. You kick something. You miss something.
Your kick misses something. Something hits you!
* * * LOW HITPOINT WARNING * * *
You closely miss something. Something hits you!
* * * LOW HITPOINT WARNING * * *
You hit something. You kick something. Something hits you!
You die...

♣ ♣♣.♣♣ ♣♣##### !....♣
♣♣.....##
......♣♣♣!......##
.≈≈≈...♣...≈≈≈...#
≈≈≈≈≈.{@..≈≈≈≈≈..#######
≈≈_≈≈.....≈≈♣≈≈........#
≈≈≈≈≈.....≈≈≈≈≈........#
.≈≈≈...♣...≈≈≈.........#
......♣♣♣..............#
.....♣ ♣♣.............#
♣♣.♣♣ ♣♣.##.........# ♣♣
#.............
####.........#


There were no monsters in sight!

Vanquished Creatures
  A worm (D:2)
  2 dart slugs (D:1)
  2 leopard geckos (D:1)
  3 giant cockroaches (D:1)
  4 hobgoblins (D:1)
  7 kobolds
  4 bats
  4 frilled lizards
  A goblin (D:1)
  6 rats
34 creatures vanquished.

Notes
Turn   | Place    | Note
-------+----------+-------------------------------------------
     0 | D:1      | Nixze the Demonspawn Gladiator began the quest for the Orb.
     0 | D:1      | Reached XP level 1. HP: 16/16 MP: 1/1
   283 | D:1      | Reached skill level 3 in Long Blades
   285 | D:1      | Gained mutation: You have large cloven feet. [demonic
                  | ancestry]
   285 | D:1      | Reached XP level 2. HP: 22/22 MP: 2/2
   793 | D:1      | Reached skill level 1 in Armour
   865 | D:1      | Reached XP level 3. HP: 25/28 MP: 3/3
  1558 | D:2      | Noticed Sigmund
  1562 | D:2      | Found a white marble altar of Elyvilon.
  1576 | D:2      | HP: 1/28 [something (7)]
  1577 | D:2      | Mangled by Sigmund

Illustrated notes

Levels and vault maps discovered:
D:1:      co_arrival_square_in_a_square_in_a_square, layout_loops_ring
D:2:      layout_rooms, elyvilon_altar_3, uniq_sigmund

Skill      XL: |  1  2 |
---------------+-------+-----
Long Blades    | 3 |  3.4
Armour         | 1 |  1.1
Fighting       | |  2.5
Throwing       | |  1.7
Dodging        | |  2.6

Action                   || total
-------------------------++-------
Melee: Long sword        ||    84
       Kick              ||    10
Throw: Stone             ||    47
       Throwing net      ||     3
  Eat: Chunk             ||     2
Armor: Leather armour    ||    24
Dodge: Dodged            ||    47
       Rpst.: Long sword ||    18
